Stars vs RedWings

Created - October 18, 2016 at 17:00

Goals
1 2 3 OT1 T
Stars 1 1 1 1 4
RedWings 1 0 2 0 3
Shots
1 2 3 OT1 T
Stars 8 8 8 2 26
RedWings 14 8 16 1 39

1st period

1. Stars , Sidney Crosby 3 (Ryan Callahan) at 2:21
2. RedWings , Alexandre Burrows 1 (Erik Haula, Mikhail Grabovski) at 10:24

Penalties :
Eric Gryba (DET) for Tripping (Minor) at 8:02, David Backes (DAL) for Hooking (Minor) at 19:00

2nd period

3. Stars , Clayton Stoner 1 (Duncan Keith, Sidney Crosby) at 7:16 (PP)

Penalties :
Kevin Connauton (DET) for Roughing (Minor) at 5:35, Ryan Callahan (DAL) for Hooking (Minor) at 13:43

3rd period

4. RedWings , David Pastrnak 1 (Sean Monahan, Loui Eriksson) at 1:37
5. RedWings , Tyler Toffoli 1 (Filip Forsberg, Eric Gryba) at 15:18
6. Stars , Kris Letang 1 (Brad Malone, David Backes) at 19:46

Penalties :
Kris Letang (DAL) for Roughing (Minor) at 6:57, Jake Gardiner (DET) for Roughing (Minor) at 13:06, Brad Malone (DAL) for Goalie Interference (Minor) at 15:55

Overtime #1

7. Stars , Jonathan Huberdeau 1 (Adam Pardy, Ben Scrivens) at 2:49

Penalties :
No Penalty

Goalie Stats

Ben Scrivens (DAL), 36 saves from 39 shots - (0.923), W, 2-0-0, 62:15 minutes
Roberto Luongo (DET), 22 saves from 26 shots - (0.846), OTL, 1-0-1, 62:50 minutes

Players Stats for Stars

Player Name              G  A  P  +/- PIM S  H  SB GA TA FO     MP     PP MP  PK MP  
------------------------------------------------------------------------------------
Adam Pardy               0  1  1  -1  0   0  1  2  0  0  0/0    10:11   0:00   1:07 
Brad Malone              0  1  1   0  2   1  2  0  0  0  13/18  19:16   2:52   1:17 
Brandon Manning          0  0  0  -1  0   1  1  2  0  0  0/0     8:42   0:00   0:08 
Clayton Stoner           1  0  1  -1  0   1  1  2  0  0  0/0    21:47   2:18   3:44 
Cody McLeod              0  0  0   1  0   0  0  0  0  0  7/8     5:35   0:00   0:00 
David Backes             0  1  1  -1  2   2  4  0  0  0  17/29  25:15   3:02   2:26 
Duncan Keith             0  1  1  -1  0   1  0  1  0  0  0/0     9:45   2:18   0:00 
John Mitchell            0  0  0   0  0   3  1  0  0  0  5/13   20:45   2:37   3:50 
Jonathan Huberdeau       1  0  1  -2  0   2  0  0  0  0  0/3    19:31   0:10   0:00 
Kris Letang              1  0  1   2  2   4  2  1  0  0  0/0    24:19   3:21   2:27 
Mark Stuart              0  0  0  -1  0   0  1  4  0  0  0/0    12:03   0:00   4:22 
Nikita Kucherov          0  0  0  -2  0   3  0  0  0  0  0/1    20:55   3:02   0:00 
Patrik Elias             0  0  0   0  0   1  0  0  0  0  5/9     9:49   0:00   0:00 
Paul Byron               0  0  0   0  0   2  0  1  0  0  1/2     9:49   0:00   0:00 
Rob Scuderi              0  0  0  -1  0   0  0  1  0  0  0/0    13:59   0:00   0:00 
Ryan Callahan            0  1  1   1  2   0  5  1  0  0  0/1    21:17   2:37   4:13 
Sidney Crosby            1  1  2   0  0   3  0  0  0  0  8/15   25:29   2:37   4:06 
Zdeno Chara              0  0  0   2  0   2  2  2  0  0  0/0    24:53   3:21   4:04 

Players Stats for RedWings

Player Name              G  A  P  +/- PIM S  H  SB GA TA FO     MP     PP MP  PK MP  
------------------------------------------------------------------------------------
Alexandre Burrows        1  0  1   1  0   3  0  0  0  0  0/0    11:25   0:00   0:25 
Andrew Campbell          0  0  0   2  0   0  0  0  0  0  0/0    16:14   0:00   1:39 
Andrew Cogliano          0  0  0  -2  0   2  2  0  0  0  1/2     9:30   0:00   1:40 
David Pastrnak           1  0  1   1  0   5  3  1  0  0  0/1    16:44   3:19   0:00 
Eric Gryba               0  1  1   2  2   0  2  1  0  0  0/0    19:15   3:57   0:00 
Erik Haula               0  1  1   0  0   2  0  0  0  0  7/17   15:17   0:00   3:34 
Filip Forsberg           0  1  1   1  0   4  4  1  0  0  4/4    21:08   4:37   1:40 
Jake Gardiner            0  0  0   0  2   1  3  1  0  0  0/0    20:19   3:59   1:53 
Jonathan Drouin          0  0  0   1  0   2  1  0  0  0  7/19   17:44   3:03   0:00 
Kevin Connauton          0  0  0   0  2   1  3  1  0  0  0/0    17:27   0:00   1:40 
Loui Eriksson            0  1  1   0  0   6  0  0  0  0  3/6    24:39   4:37   3:59 
Mikhail Grabovski        0  1  1   1  0   0  0  0  0  0  3/8    11:00   0:00   0:00 
Paul Martin              0  0  0  -1  0   2  0  0  0  0  0/0    28:11   3:59   3:03 
Sam Gagner               0  0  0  -1  0   3  0  1  0  0  0/2     7:07   0:00   0:00 
Sean Monahan             0  1  1   1  0   1  0  0  0  0  12/24  17:55   3:19   0:00 
Thomas Hickey            0  0  0  -1  0   1  4  1  0  0  0/0    23:54   3:57   3:03 
Tyler Toffoli            1  0  1   1  0   5  0  0  0  0  2/4    20:26   4:37   0:00 
Vincent Lecavalier       0  0  0  -1  0   1  0  0  0  0  4/12    7:23   0:16   0:00 

3 Stars

1 - David Pastrnak (DET)
2 - Sidney Crosby (DAL)
3 - Kris Letang (DAL)

Power Play

Stars - 1 on 3 Attempt(s) - 33.33%
RedWings - 0 on 4 Attempt(s) - 0.00%

Penalty Kill

Stars - 4 on 4 Attempt(s) - 100.00% - Score 0 goal in Penalty Kill
RedWings - 2 on 3 Attempt(s) - 66.67% - Score 0 goal in Penalty Kill

Team Stat

Stars - Hits : 20 - Faceoff Wins : 56 - Blocked Shots : 17 - Penalty Minutes : 8
RedWings - Hits : 22 - Faceoff Wins : 43 - Blocked Shots : 7 - Penalty Minutes : 6

Official

Referees : Trevor Hanson and Dave Lewis
Linesman : Matt MacPherson and David Brisebois

Game Notes

No Game Note

Finance

Level 1 -- Attendance: 6182 (95.11%) -- Ticket Income $414,194
Level 2 -- Attendance: 4839 (96.78%) -- Ticket Income $241,950
Level 3 -- Attendance: 3500 (100.00%) -- Ticket Income $94,500
Level 4 -- Attendance: 3029 (75.22%) -- Ticket Income $24,232
Luxury Box -- Attendance: 1000 (100.00%) -- Ticket Income $130,000
Game was played at the Joe Louis Arena.
Total Attendance: 18550 (92.62%)
Total Ticket Income: $904,876
Other Income: $135,731
Total Income: $1,040,607

% Time on Ice - Stars

Lines # - Real PCT - Wanted PCT - Time Play
Normal Forward
1 - 28% - 38% - 12:39
2 - 39% - 35% - 17:39
3 - 21% - 15% - 9:49
4 - 12% - 12% - 5:35
Normal Defense
1 - 37% - 40% - 16:45
2 - 31% - 35% - 13:59
3 - 16% - 15% - 7:27
4 - 16% - 10% - 7:31
PP Forward
1 - 54% - 50% - 3:02
2 - 46% - 50% - 2:37
PP Defense
1 - 59% - 50% - 3:21
2 - 41% - 50% - 2:18
PK Forward
1 - 52% - 50% - 4:06
2 - 48% - 50% - 3:50
PK Defense
1 - 49% - 50% - 3:52
2 - 51% - 50% - 4:04
PK3 Forward
1 - 0% - 50%
2 - 0% - 50%
PK3 Defense
1 - 0% - 50%
2 - 0% - 50%
44 Forward
1 - 0% - 50%
2 - 0% - 50%
44 Defense
1 - 0% - 50%
2 - 0% - 50%
Last Minute Offensive  - 0:43
Last Minute Defensive  - 0:00
Total
Forward - 60:00
Defense - 60:00

% Time on Ice - RedWings

Lines # - Real PCT - Wanted PCT - Time Play
Normal Forward
1 - 29% - 35% - 13:25
2 - 31% - 35% - 14:10
3 - 24% - 20% - 11:00
4 - 16% - 10% - 7:07
Normal Defense
1 - 34% - 40% - 15:30
2 - 32% - 30% - 14:38
3 - 27% - 20% - 12:33
4 - 7% - 10% - 3:01
PP Forward
1 - 58% - 60% - 4:37
2 - 42% - 40% - 3:19
PP Defense
1 - 50% - 60% - 3:59
2 - 50% - 40% - 3:57
PK Forward
1 - 71% - 60% - 3:59
2 - 29% - 40% - 1:40
PK Defense
1 - 54% - 60% - 3:03
2 - 46% - 40% - 2:36
PK3 Forward
1 - 0% - 60%
2 - 0% - 40%
PK3 Defense
1 - 0% - 60%
2 - 0% - 40%
44 Forward
1 - 0% - 60%
2 - 0% - 40%
44 Defense
1 - 0% - 60%
2 - 0% - 40%
Last Minute Offensive  - 0:00
Last Minute Defensive  - 0:43
Total
Forward - 60:00
Defense - 60:00

Play by Play

1st period


0:01 of 1st period - Loui Eriksson wins face-off versus John Mitchell in neutral zone.
0:39 of 1st period - Shot by John Mitchell.
0:39 of 1st period - Stopped by Roberto Luongo without a rebound.
0:40 of 1st period - David Backes wins face-off versus Jonathan Drouin in RedWings zone.
1:42 of 1st period - Off-side.
1:43 of 1st period - Brad Malone wins face-off versus Mikhail Grabovski in neutral zone.
1:53 of 1st period - Shot by Mikhail Grabovski.
1:53 of 1st period - Deflect By Erik Haula.
1:53 of 1st period - Stopped by Ben Scrivens without a rebound.
1:54 of 1st period - Cody McLeod wins face-off versus Vincent Lecavalier in Stars zone.
2:21 of 1st period - Shot by Sidney Crosby.
2:21 of 1st period - Goal by Sidney Crosby - Stars : 1 - RedWings : 0.
2:22 of 1st period - David Backes wins face-off versus Erik Haula in neutral zone.
2:50 of 1st period - Shot by Mikhail Grabovski.
2:50 of 1st period - Shot Blocked by Duncan Keith.
2:58 of 1st period - Kevin Connauton is hit by David Backes and loses puck.
3:14 of 1st period - Jake Gardiner is hit by Clayton Stoner and loses puck.
3:50 of 1st period - Shot by John Mitchell.
3:50 of 1st period - Shot Misses the Net.
4:09 of 1st period - Shot by Ryan Callahan.
4:09 of 1st period - Shot Misses the Net.
4:20 of 1st period - Shot by Patrik Elias.
4:20 of 1st period - Shot Misses the Net.
4:22 of 1st period - Shot by Zdeno Chara.
4:22 of 1st period - Shot Misses the Net.
4:39 of 1st period - Shot by Patrik Elias.
4:39 of 1st period - Shot Misses the Net.
5:09 of 1st period - Shot by David Pastrnak.
5:09 of 1st period - Shot Blocked by Adam Pardy.
5:13 of 1st period - Shot by Loui Eriksson.
5:13 of 1st period - Stopped by Ben Scrivens without a rebound.
5:14 of 1st period - Filip Forsberg wins face-off versus Brad Malone in Stars zone.
5:21 of 1st period - Shot by Filip Forsberg.
5:21 of 1st period - Shot Misses the Net.
5:41 of 1st period - Sidney Crosby is hit by Eric Gryba and loses puck.
5:44 of 1st period - Shot by Brad Malone.
5:44 of 1st period - Shot Blocked by Filip Forsberg.
6:32 of 1st period - Icing by Jonathan Huberdeau.
6:33 of 1st period - David Backes wins face-off versus Sean Monahan in Stars zone.
7:04 of 1st period - Shot by Sean Monahan.
7:04 of 1st period - Shot Misses the Net.
7:16 of 1st period - Shot by David Pastrnak.
7:16 of 1st period - Shot Blocked by Rob Scuderi.
7:37 of 1st period - Off-side.
7:38 of 1st period - Cody McLeod wins face-off versus Vincent Lecavalier in neutral zone.
7:51 of 1st period - Shot by Sidney Crosby.
7:51 of 1st period - Shot Misses the Net.
7:53 of 1st period - Shot by Kris Letang.
7:53 of 1st period - Stopped by Roberto Luongo without a rebound.
7:54 of 1st period - Brad Malone wins face-off versus Jonathan Drouin in RedWings zone.
8:01 of 1st period - Shot by Sidney Crosby.
8:01 of 1st period - Shot Misses the Net.
8:02 of 1st period - Minor Penalty to Eric Gryba for Tripping.
8:03 of 1st period - Erik Haula wins face-off versus John Mitchell in RedWings zone.
8:22 of 1st period - Shot by Zdeno Chara.
8:22 of 1st period - Stopped by Roberto Luongo without a rebound.
8:23 of 1st period - Erik Haula wins face-off versus Ryan Callahan in RedWings zone.
8:55 of 1st period - Icing by Kris Letang.
8:56 of 1st period - Filip Forsberg wins face-off versus John Mitchell in Stars zone.
8:56 of 1st period - Andrew Cogliano is hit by Zdeno Chara and loses puck.
9:34 of 1st period - Icing by Clayton Stoner.
9:35 of 1st period - David Backes wins face-off versus Andrew Cogliano in Stars zone.
9:56 of 1st period - Shot by Nikita Kucherov.
9:56 of 1st period - Shot Misses the Net.
10:01 of 1st period - Nikita Kucherov is hit by Thomas Hickey and loses puck.
10:08 of 1st period - Shot by Ryan Callahan.
10:08 of 1st period - Shot Blocked by David Pastrnak.
10:10 of 1st period - Shot by Patrik Elias.
10:10 of 1st period - Stopped by Roberto Luongo without a rebound.
10:11 of 1st period - Mikhail Grabovski wins face-off versus David Backes in RedWings zone.
10:22 of 1st period - Shot by Alexandre Burrows.
10:22 of 1st period - Stopped by Ben Scrivens with a rebound.
10:24 of 1st period - Shot by Alexandre Burrows.
10:24 of 1st period - Goal by Alexandre Burrows - Stars : 1 - RedWings : 1.
10:25 of 1st period - Brad Malone wins face-off versus Jonathan Drouin in neutral zone.
11:01 of 1st period - Shot by Filip Forsberg.
11:01 of 1st period - Shot Misses the Net.
11:41 of 1st period - Shot by David Pastrnak.
11:41 of 1st period - Stopped by Ben Scrivens without a rebound.
11:42 of 1st period - David Backes wins face-off versus Sam Gagner in Stars zone.
12:08 of 1st period - Shot by Sam Gagner.
12:08 of 1st period - Stopped by Ben Scrivens without a rebound.
12:09 of 1st period - Patrik Elias wins face-off versus Sean Monahan in Stars zone.
12:16 of 1st period - Shot by Ryan Callahan.
12:16 of 1st period - Deflect By Patrik Elias.
12:16 of 1st period - Shot Misses the Net.
12:48 of 1st period - Shot by David Pastrnak.
12:48 of 1st period - Shot Misses the Net.
12:50 of 1st period - Shot by David Pastrnak.
12:50 of 1st period - Shot Blocked by Paul Byron.
13:04 of 1st period - Jonathan Drouin is hit by Ryan Callahan and loses puck.
13:19 of 1st period - Shot by Jonathan Drouin.
13:19 of 1st period - Stopped by Ben Scrivens without a rebound.
13:20 of 1st period - Vincent Lecavalier wins face-off versus Brad Malone in Stars zone.
13:35 of 1st period - Shot by Brad Malone.
13:35 of 1st period - Shot Misses the Net.
14:10 of 1st period - Off-side.
14:11 of 1st period - Sean Monahan wins face-off versus Jonathan Huberdeau in neutral zone.
14:36 of 1st period - Off-side.
14:37 of 1st period - Jonathan Drouin wins face-off versus Cody McLeod in neutral zone.
14:44 of 1st period - Shot by Filip Forsberg.
14:44 of 1st period - Shot Blocked by Zdeno Chara.
14:58 of 1st period - Shot by Sidney Crosby.
14:58 of 1st period - Shot Misses the Net.
15:06 of 1st period - Shot by Tyler Toffoli.
15:06 of 1st period - Stopped by Ben Scrivens with a rebound.
15:08 of 1st period - Shot by Thomas Hickey.
15:08 of 1st period - Stopped by Ben Scrivens without a rebound.
15:09 of 1st period - David Backes wins face-off versus Sean Monahan in Stars zone.
15:09 of 1st period - David Backes is hit by David Pastrnak.
15:59 of 1st period - Icing by Rob Scuderi.
16:00 of 1st period - Jonathan Drouin wins face-off versus David Backes in Stars zone.
16:15 of 1st period - Shot by Jonathan Drouin.
16:15 of 1st period - Shot Blocked by Clayton Stoner.
16:23 of 1st period - Shot by Filip Forsberg.
16:23 of 1st period - Stopped by Ben Scrivens with a rebound.
16:25 of 1st period - Shot by Tyler Toffoli.
16:25 of 1st period - Stopped by Ben Scrivens without a rebound.
16:26 of 1st period - Mikhail Grabovski wins face-off versus Sidney Crosby in Stars zone.
16:37 of 1st period - Shot by Mikhail Grabovski.
16:37 of 1st period - Deflect By Erik Haula.
16:37 of 1st period - Shot Blocked by Kris Letang.
16:39 of 1st period - Shot by Alexandre Burrows.
16:39 of 1st period - Stopped by Ben Scrivens without a rebound.
16:40 of 1st period - Sean Monahan wins face-off versus Patrik Elias in Stars zone.
16:41 of 1st period - Shot by Loui Eriksson.
16:41 of 1st period - Shot Hit the Post.
17:10 of 1st period - Icing by Duncan Keith.
17:11 of 1st period - Patrik Elias wins face-off versus Jonathan Drouin in Stars zone.
17:26 of 1st period - Shot by Ryan Callahan.
17:26 of 1st period - Deflect By Paul Byron.
17:26 of 1st period - Stopped by Roberto Luongo without a rebound.
17:27 of 1st period - Brad Malone wins face-off versus Mikhail Grabovski in RedWings zone.
17:27 of 1st period - John Mitchell is hit by Kevin Connauton.
17:37 of 1st period - Shot by Sidney Crosby.
17:37 of 1st period - Shot Blocked by Kevin Connauton.
17:39 of 1st period - Shot by John Mitchell.
17:39 of 1st period - Stopped by Roberto Luongo without a rebound.
17:40 of 1st period - Jonathan Drouin wins face-off versus David Backes in RedWings zone.
17:40 of 1st period - Jonathan Drouin is hit by David Backes.
17:49 of 1st period - Icing by Clayton Stoner.
17:50 of 1st period - Sean Monahan wins face-off versus David Backes in Stars zone.
17:59 of 1st period - Shot by Jonathan Huberdeau.
17:59 of 1st period - Stopped by Roberto Luongo without a rebound.
18:00 of 1st period - Brad Malone wins face-off versus Jonathan Drouin in RedWings zone.
18:01 of 1st period - Shot by Sidney Crosby.
18:01 of 1st period - Shot Misses the Net.
18:31 of 1st period - Shot by Sidney Crosby.
18:31 of 1st period - Deflect By Brad Malone.
18:31 of 1st period - Shot Misses the Net.
18:57 of 1st period - Icing by Thomas Hickey.
18:58 of 1st period - David Backes wins face-off versus Jonathan Drouin in RedWings zone.
19:00 of 1st period - Minor Penalty to David Backes for Hooking.
19:01 of 1st period - Sidney Crosby wins face-off versus Sean Monahan in Stars zone.
19:10 of 1st period - Shot by Paul Martin.
19:10 of 1st period - Shot Misses the Net.
19:12 of 1st period - Shot by Paul Martin.
19:12 of 1st period - Shot Blocked by Mark Stuart.
19:14 of 1st period - Shot by Jake Gardiner.
19:14 of 1st period - Stopped by Ben Scrivens with a rebound.
19:16 of 1st period - Shot by Paul Martin.
19:16 of 1st period - Stopped by Ben Scrivens without a rebound.
19:17 of 1st period - Sidney Crosby wins face-off versus Tyler Toffoli in Stars zone.
19:25 of 1st period - Icing by Loui Eriksson.
19:26 of 1st period - Sidney Crosby wins face-off versus Tyler Toffoli in RedWings zone.
19:43 of 1st period - Shot by Filip Forsberg.
19:43 of 1st period - Shot Misses the Net.
19:45 of 1st period - Shot by Thomas Hickey.
19:45 of 1st period - Shot Blocked by Mark Stuart.
Goals for this period are 1 for Stars vs 1 for RedWings.
Shots for this period are 8 for Stars vs 14 for RedWings.

2nd period


0:01 of 2nd period - Tyler Toffoli wins face-off versus Sidney Crosby in neutral zone.
1:00 of 2nd period - Shot by Eric Gryba.
1:00 of 2nd period - Shot Blocked by Brandon Manning.
1:26 of 2nd period - Shot by Erik Haula.
1:26 of 2nd period - Shot Blocked by Adam Pardy.
1:31 of 2nd period - Alexandre Burrows is hit by Brandon Manning and loses puck.
2:05 of 2nd period - Jonathan Huberdeau is hit by Thomas Hickey and loses puck.
2:34 of 2nd period - Icing by Adam Pardy.
2:35 of 2nd period - Jonathan Drouin wins face-off versus Nikita Kucherov in Stars zone.
2:36 of 2nd period - Shot by Filip Forsberg.
2:36 of 2nd period - Shot Misses the Net.
2:42 of 2nd period - Shot by Tyler Toffoli.
2:42 of 2nd period - Deflect By Filip Forsberg.
2:42 of 2nd period - Stopped by Ben Scrivens without a rebound.
2:43 of 2nd period - John Mitchell wins face-off versus Sean Monahan in Stars zone.
3:26 of 2nd period - Icing by Kris Letang.
3:27 of 2nd period - Brad Malone wins face-off versus Jonathan Drouin in Stars zone.
3:27 of 2nd period - Brad Malone is hit by Filip Forsberg.
3:42 of 2nd period - Tyler Toffoli is hit by John Mitchell and loses puck.
3:47 of 2nd period - Zdeno Chara is hit by Filip Forsberg and loses puck.
4:50 of 2nd period - Shot by Paul Byron.
4:50 of 2nd period - Stopped by Roberto Luongo with a rebound.
5:11 of 2nd period - Icing by Rob Scuderi.
5:12 of 2nd period - Patrik Elias wins face-off versus David Pastrnak in Stars zone.
5:12 of 2nd period - Clayton Stoner is hit by David Pastrnak and loses puck.
5:19 of 2nd period - Loui Eriksson is hit by Ryan Callahan and loses puck.
5:35 of 2nd period - Minor Penalty to Kevin Connauton for Roughing.
5:36 of 2nd period - Erik Haula wins face-off versus David Backes in RedWings zone.
5:45 of 2nd period - Shot by Nikita Kucherov.
5:45 of 2nd period - Stopped by Roberto Luongo without a rebound.
5:46 of 2nd period - David Backes wins face-off versus Erik Haula in RedWings zone.
5:47 of 2nd period - Shot by Kris Letang.
5:47 of 2nd period - Stopped by Roberto Luongo without a rebound.
5:48 of 2nd period - David Backes wins face-off versus Erik Haula in RedWings zone.
6:08 of 2nd period - Icing by Nikita Kucherov.
6:09 of 2nd period - David Backes wins face-off versus Erik Haula in Stars zone.
6:20 of 2nd period - Shot by Nikita Kucherov.
6:20 of 2nd period - Shot Blocked by Thomas Hickey.
6:37 of 2nd period - David Backes is hit by Andrew Cogliano and loses puck.
6:43 of 2nd period - Kris Letang is hit by Jake Gardiner and loses puck.
7:00 of 2nd period - Shot by Duncan Keith.
7:00 of 2nd period - Stopped by Roberto Luongo without a rebound.
7:01 of 2nd period - John Mitchell wins face-off versus Erik Haula in RedWings zone.
7:06 of 2nd period - Shot by John Mitchell.
7:06 of 2nd period - Stopped by Roberto Luongo without a rebound.
7:07 of 2nd period - John Mitchell wins face-off versus Erik Haula in RedWings zone.
7:07 of 2nd period - Sidney Crosby is hit by Thomas Hickey and loses puck.
7:11 of 2nd period - Sidney Crosby is hit by Thomas Hickey and loses puck.
7:14 of 2nd period - Shot by Duncan Keith.
7:14 of 2nd period - Shot Misses the Net.
7:16 of 2nd period - Shot by Clayton Stoner.
7:16 of 2nd period - Goal by Clayton Stoner - Stars : 2 - RedWings : 1.
7:17 of 2nd period - Cody McLeod wins face-off versus Jonathan Drouin in neutral zone.
7:32 of 2nd period - Shot by Sidney Crosby.
7:32 of 2nd period - Shot Misses the Net.
7:44 of 2nd period - Shot by Sidney Crosby.
7:44 of 2nd period - Stopped by Roberto Luongo without a rebound.
7:45 of 2nd period - Sean Monahan wins face-off versus David Backes in RedWings zone.
8:01 of 2nd period - David Backes is hit by David Pastrnak and loses puck.
8:12 of 2nd period - Shot by David Pastrnak.
8:12 of 2nd period - Shot Blocked by Zdeno Chara.
8:20 of 2nd period - Shot by Loui Eriksson.
8:20 of 2nd period - Stopped by Ben Scrivens with a rebound.
8:22 of 2nd period - Shot by Sean Monahan.
8:22 of 2nd period - Shot Misses the Net.
9:08 of 2nd period - Kris Letang is hit by Filip Forsberg and loses puck.
10:12 of 2nd period - Shot by Sidney Crosby.
10:12 of 2nd period - Stopped by Roberto Luongo without a rebound.
10:13 of 2nd period - Vincent Lecavalier wins face-off versus Patrik Elias in RedWings zone.
10:13 of 2nd period - Vincent Lecavalier is hit by Ryan Callahan.
10:28 of 2nd period - Icing by Kevin Connauton.
10:29 of 2nd period - Cody McLeod wins face-off versus Vincent Lecavalier in RedWings zone.
10:29 of 2nd period - Cody McLeod is hit by Kevin Connauton.
11:34 of 2nd period - Shot by Sean Monahan.
11:34 of 2nd period - Stopped by Ben Scrivens without a rebound.
11:35 of 2nd period - Jonathan Drouin wins face-off versus Jonathan Huberdeau in Stars zone.
11:52 of 2nd period - Shot by Tyler Toffoli.
11:52 of 2nd period - Stopped by Ben Scrivens without a rebound.
11:53 of 2nd period - Patrik Elias wins face-off versus Loui Eriksson in Stars zone.
12:02 of 2nd period - Shot by David Pastrnak.
12:02 of 2nd period - Shot Misses the Net.
12:13 of 2nd period - Loui Eriksson is hit by Mark Stuart and loses puck.
12:34 of 2nd period - Shot by David Pastrnak.
12:34 of 2nd period - Stopped by Ben Scrivens with a rebound.
12:36 of 2nd period - Shot by David Pastrnak.
12:36 of 2nd period - Deflect By Sean Monahan.
12:36 of 2nd period - Shot Blocked by Mark Stuart.
13:22 of 2nd period - Shot by Filip Forsberg.
13:22 of 2nd period - Stopped by Ben Scrivens without a rebound.
13:23 of 2nd period - Cody McLeod wins face-off versus Mikhail Grabovski in Stars zone.
13:43 of 2nd period - Minor Penalty to Ryan Callahan for Hooking.
13:44 of 2nd period - Sidney Crosby wins face-off versus Sean Monahan in Stars zone.
14:44 of 2nd period - Tyler Toffoli is hit by Kris Letang and loses puck.
15:03 of 2nd period - Shot by Filip Forsberg.
15:03 of 2nd period - Stopped by Ben Scrivens without a rebound.
15:04 of 2nd period - Sidney Crosby wins face-off versus Sean Monahan in Stars zone.
15:15 of 2nd period - Shot by David Pastrnak.
15:15 of 2nd period - Stopped by Ben Scrivens without a rebound.
15:16 of 2nd period - Tyler Toffoli wins face-off versus John Mitchell in Stars zone.
15:16 of 2nd period - Loui Eriksson is hit by Zdeno Chara and loses puck.
15:40 of 2nd period - Off-side.
15:41 of 2nd period - Sean Monahan wins face-off versus John Mitchell in neutral zone.
15:47 of 2nd period - Erik Haula is hit by Adam Pardy.
15:52 of 2nd period - Paul Martin is hit by Ryan Callahan and loses puck.
16:49 of 2nd period - Shot by Nikita Kucherov.
16:49 of 2nd period - Shot Blocked by Eric Gryba.
16:51 of 2nd period - Shot by David Backes.
16:51 of 2nd period - Shot Misses the Net.
17:37 of 2nd period - Icing by Rob Scuderi.
17:38 of 2nd period - Brad Malone wins face-off versus Jonathan Drouin in Stars zone.
17:38 of 2nd period - John Mitchell is hit by Filip Forsberg.
18:15 of 2nd period - Icing by Tyler Toffoli.
18:16 of 2nd period - Jonathan Drouin wins face-off versus Patrik Elias in RedWings zone.
18:26 of 2nd period - Icing by Kevin Connauton.
18:27 of 2nd period - David Backes wins face-off versus Jonathan Drouin in RedWings zone.
18:28 of 2nd period - Shot by Jonathan Huberdeau.
18:28 of 2nd period - Shot Misses the Net.
19:59 of 2nd period - Shot by Mikhail Grabovski.
19:59 of 2nd period - Shot Misses the Net.
Goals for this period are 1 for Stars vs 0 for RedWings.
Shots for this period are 8 for Stars vs 8 for RedWings.

3rd period


0:01 of 3rd period - John Mitchell wins face-off versus Sean Monahan in neutral zone.
0:23 of 3rd period - Icing by Paul Martin.
0:24 of 3rd period - David Backes wins face-off versus Sean Monahan in RedWings zone.
0:29 of 3rd period - Shot by Nikita Kucherov.
0:29 of 3rd period - Stopped by Roberto Luongo without a rebound.
0:30 of 3rd period - David Backes wins face-off versus Jonathan Drouin in RedWings zone.
0:31 of 3rd period - Shot by Jonathan Huberdeau.
0:31 of 3rd period - Shot Hit the Post.
0:51 of 3rd period - Shot by Jonathan Huberdeau.
0:51 of 3rd period - Shot Hit the Post.
1:19 of 3rd period - Off-side.
1:20 of 3rd period - Brad Malone wins face-off versus Sean Monahan in neutral zone.
1:23 of 3rd period - Shot by Brad Malone.
1:23 of 3rd period - Stopped by Roberto Luongo without a rebound.
1:24 of 3rd period - Sean Monahan wins face-off versus Brad Malone in RedWings zone.
1:35 of 3rd period - Shot by Sean Monahan.
1:35 of 3rd period - Shot Misses the Net.
1:37 of 3rd period - Shot by David Pastrnak.
1:37 of 3rd period - Goal by David Pastrnak - Stars : 2 - RedWings : 2.
1:38 of 3rd period - Mikhail Grabovski wins face-off versus Paul Byron in neutral zone.
1:47 of 3rd period - Shot by Alexandre Burrows.
1:47 of 3rd period - Shot Misses the Net.
3:36 of 3rd period - Shot by Tyler Toffoli.
3:36 of 3rd period - Shot Misses the Net.
4:00 of 3rd period - Shot by Tyler Toffoli.
4:00 of 3rd period - Stopped by Ben Scrivens with a rebound.
4:10 of 3rd period - Eric Gryba is hit by David Backes and loses puck.
4:49 of 3rd period - Shot by Sam Gagner.
4:49 of 3rd period - Stopped by Ben Scrivens without a rebound.
4:50 of 3rd period - Paul Byron wins face-off versus Mikhail Grabovski in Stars zone.
5:06 of 3rd period - Icing by Thomas Hickey.
5:07 of 3rd period - Cody McLeod wins face-off versus Mikhail Grabovski in RedWings zone.
5:31 of 3rd period - Shot by Sidney Crosby.
5:31 of 3rd period - Shot Misses the Net.
6:09 of 3rd period - Shot by David Backes.
6:09 of 3rd period - Stopped by Roberto Luongo without a rebound.
6:10 of 3rd period - Brad Malone wins face-off versus Sam Gagner in RedWings zone.
6:29 of 3rd period - Shot by Andrew Cogliano.
6:29 of 3rd period - Stopped by Ben Scrivens without a rebound.
6:30 of 3rd period - David Backes wins face-off versus Sean Monahan in Stars zone.
6:32 of 3rd period - Icing by Jonathan Huberdeau.
6:33 of 3rd period - Sean Monahan wins face-off versus Jonathan Huberdeau in Stars zone.
6:33 of 3rd period - Loui Eriksson is hit by Kris Letang and loses puck.
6:57 of 3rd period - Minor Penalty to Kris Letang for Roughing.
6:58 of 3rd period - Filip Forsberg wins face-off versus Sidney Crosby in Stars zone.
6:59 of 3rd period - Shot by Loui Eriksson.
6:59 of 3rd period - Stopped by Ben Scrivens without a rebound.
7:00 of 3rd period - Filip Forsberg wins face-off versus Sidney Crosby in Stars zone.
7:18 of 3rd period - Off-side.
7:19 of 3rd period - Sean Monahan wins face-off versus John Mitchell in neutral zone.
8:34 of 3rd period - Shot by Loui Eriksson.
8:34 of 3rd period - Shot Misses the Net.
9:59 of 3rd period - Shot by Andrew Cogliano.
9:59 of 3rd period - Shot Misses the Net.
10:01 of 3rd period - Shot by Andrew Cogliano.
10:01 of 3rd period - Shot Blocked by Brandon Manning.
10:03 of 3rd period - Shot by Andrew Cogliano.
10:03 of 3rd period - Shot Misses the Net.
10:05 of 3rd period - Shot by Sam Gagner.
10:05 of 3rd period - Stopped by Ben Scrivens with a rebound.
10:07 of 3rd period - Shot by Vincent Lecavalier.
10:07 of 3rd period - Stopped by Ben Scrivens without a rebound.
10:08 of 3rd period - Sean Monahan wins face-off versus Brad Malone in Stars zone.
10:27 of 3rd period - Shot by David Pastrnak.
10:27 of 3rd period - Shot Misses the Net.
10:29 of 3rd period - Shot by David Pastrnak.
10:29 of 3rd period - Shot Misses the Net.
10:31 of 3rd period - Shot by David Pastrnak.
10:31 of 3rd period - Shot Blocked by Mark Stuart.
10:33 of 3rd period - Shot by David Pastrnak.
10:33 of 3rd period - Stopped by Ben Scrivens with a rebound.
10:37 of 3rd period - Shot by Loui Eriksson.
10:37 of 3rd period - Shot Misses the Net.
10:41 of 3rd period - Shot by Loui Eriksson.
10:41 of 3rd period - Stopped by Ben Scrivens without a rebound.
10:42 of 3rd period - Jonathan Drouin wins face-off versus David Backes in Stars zone.
11:44 of 3rd period - Shot by Erik Haula.
11:44 of 3rd period - Shot Misses the Net.
11:46 of 3rd period - Shot by Erik Haula.
11:46 of 3rd period - Shot Blocked by Ryan Callahan.
12:19 of 3rd period - Shot by Loui Eriksson.
12:19 of 3rd period - Stopped by Ben Scrivens with a rebound.
12:21 of 3rd period - Shot by David Pastrnak.
12:21 of 3rd period - Shot Misses the Net.
12:23 of 3rd period - Shot by Kevin Connauton.
12:23 of 3rd period - Stopped by Ben Scrivens without a rebound.
12:24 of 3rd period - Brad Malone wins face-off versus Vincent Lecavalier in Stars zone.
12:28 of 3rd period - Sidney Crosby is hit by Andrew Cogliano and loses puck.
12:36 of 3rd period - Icing by Kevin Connauton.
12:37 of 3rd period - Patrik Elias wins face-off versus Vincent Lecavalier in RedWings zone.
12:37 of 3rd period - Ryan Callahan is hit by Kevin Connauton and loses puck.
12:42 of 3rd period - Shot by Paul Byron.
12:42 of 3rd period - Shot Misses the Net.
12:44 of 3rd period - Shot by Paul Byron.
12:44 of 3rd period - Shot Misses the Net.
12:51 of 3rd period - Paul Byron is hit by Jake Gardiner and loses puck.
13:00 of 3rd period - Shot by Patrik Elias.
13:00 of 3rd period - Shot Blocked by Sam Gagner.
13:05 of 3rd period - Patrik Elias is hit by Jake Gardiner.
13:06 of 3rd period - Minor Penalty to Jake Gardiner for Roughing.
13:07 of 3rd period - David Backes wins face-off versus Erik Haula in RedWings zone.
13:17 of 3rd period - Shot by Nikita Kucherov.
13:17 of 3rd period - Stopped by Roberto Luongo without a rebound.
13:18 of 3rd period - Erik Haula wins face-off versus David Backes in RedWings zone.
13:26 of 3rd period - Off-side.
13:27 of 3rd period - Erik Haula wins face-off versus David Backes in neutral zone.
13:27 of 3rd period - Loui Eriksson is hit by David Backes and loses puck.
14:25 of 3rd period - Shot by Zdeno Chara.
14:25 of 3rd period - Stopped by Roberto Luongo without a rebound.
14:26 of 3rd period - Sidney Crosby wins face-off versus Erik Haula in RedWings zone.
14:44 of 3rd period - Icing by Sidney Crosby.
14:45 of 3rd period - Erik Haula wins face-off versus John Mitchell in Stars zone.
14:46 of 3rd period - Shot by Loui Eriksson.
14:46 of 3rd period - Stopped by Ben Scrivens without a rebound.
14:47 of 3rd period - John Mitchell wins face-off versus Erik Haula in Stars zone.
14:52 of 3rd period - Shot by Kris Letang.
14:52 of 3rd period - Shot Misses the Net.
15:16 of 3rd period - Shot by Filip Forsberg.
15:16 of 3rd period - Shot Misses the Net.
15:18 of 3rd period - Shot by Tyler Toffoli.
15:18 of 3rd period - Goal by Tyler Toffoli - Stars : 2 - RedWings : 3.
15:19 of 3rd period - Brad Malone wins face-off versus Vincent Lecavalier in neutral zone.
15:33 of 3rd period - Icing by Sam Gagner.
15:34 of 3rd period - David Backes wins face-off versus Vincent Lecavalier in RedWings zone.
15:41 of 3rd period - Shot by Jonathan Huberdeau.
15:41 of 3rd period - Shot Misses the Net.
15:44 of 3rd period - Icing by Thomas Hickey.
15:45 of 3rd period - Brad Malone wins face-off versus Vincent Lecavalier in RedWings zone.
15:55 of 3rd period - Minor Penalty to Brad Malone for Goalie Interference.
15:56 of 3rd period - Loui Eriksson wins face-off versus Sidney Crosby in Stars zone.
15:57 of 3rd period - Shot by Paul Martin.
15:57 of 3rd period - Stopped by Ben Scrivens with a rebound.
16:46 of 3rd period - Off-side.
16:47 of 3rd period - Sidney Crosby wins face-off versus Sean Monahan in neutral zone.
17:07 of 3rd period - Off-side.
17:08 of 3rd period - Sean Monahan wins face-off versus Sidney Crosby in neutral zone.
17:13 of 3rd period - Shot by Jonathan Drouin.
17:13 of 3rd period - Shot Misses the Net.
17:38 of 3rd period - Ryan Callahan is hit by Jonathan Drouin and loses puck.
18:13 of 3rd period - Shot by Jonathan Huberdeau.
18:13 of 3rd period - Shot Misses the Net.
18:15 of 3rd period - Shot by David Backes.
18:15 of 3rd period - Stopped by Roberto Luongo without a rebound.
18:16 of 3rd period - Vincent Lecavalier wins face-off versus Brad Malone in RedWings zone.
18:16 of 3rd period - Vincent Lecavalier is hit by Brad Malone.
18:21 of 3rd period - Andrew Cogliano is hit by Brad Malone and loses puck.
18:27 of 3rd period - Icing by Vincent Lecavalier.
18:28 of 3rd period - Vincent Lecavalier wins face-off versus Patrik Elias in RedWings zone.
18:28 of 3rd period - Vincent Lecavalier is hit by Ryan Callahan.
19:03 of 3rd period - Shot by Andrew Cogliano.
19:03 of 3rd period - Stopped by Ben Scrivens without a rebound.
19:04 of 3rd period - Andrew Cogliano wins face-off versus John Mitchell in Stars zone.
19:05 of 3rd period - Shot by Erik Haula.
19:05 of 3rd period - Stopped by Ben Scrivens without a rebound.
19:06 of 3rd period - David Backes wins face-off versus Erik Haula in Stars zone.
19:11 of 3rd period - Stars, Ben Scrivens is pulled from the net.
19:13 of 3rd period - Shot by Kris Letang.
19:13 of 3rd period - Stopped by Roberto Luongo without a rebound.
19:14 of 3rd period - Erik Haula wins face-off versus David Backes in RedWings zone.
19:46 of 3rd period - Shot by Kris Letang.
19:46 of 3rd period - Goal by Kris Letang - Stars : 3 - RedWings : 3.
19:46 of 3rd period - Ben Scrivens from Stars was sent back in the game.
19:47 of 3rd period - Cody McLeod wins face-off versus Jonathan Drouin in neutral zone.
19:47 of 3rd period - Sidney Crosby is hit by Eric Gryba and loses puck.
19:54 of 3rd period - Shot by Filip Forsberg.
19:54 of 3rd period - Shot Blocked by Clayton Stoner.
Goals for this period are 1 for Stars vs 2 for RedWings.
Shots for this period are 8 for Stars vs 16 for RedWings.

Overtime #1


0:01 of 1st overtime period - Sean Monahan wins face-off versus David Backes in neutral zone.
0:30 of 1st overtime period - Shot by Sean Monahan.
0:30 of 1st overtime period - Deflect By Loui Eriksson.
0:30 of 1st overtime period - Shot Misses the Net.
0:32 of 1st overtime period - Shot by Paul Martin.
0:32 of 1st overtime period - Shot Misses the Net.
1:06 of 1st overtime period - Shot by Tyler Toffoli.
1:06 of 1st overtime period - Shot Misses the Net.
1:19 of 1st overtime period - Shot by Jonathan Huberdeau.
1:19 of 1st overtime period - Shot Misses the Net.
1:21 of 1st overtime period - Shot by Brandon Manning.
1:21 of 1st overtime period - Stopped by Roberto Luongo without a rebound.
1:22 of 1st overtime period - Sean Monahan wins face-off versus Sidney Crosby in RedWings zone.
1:35 of 1st overtime period - Shot by Jonathan Drouin.
1:35 of 1st overtime period - Stopped by Ben Scrivens without a rebound.
1:36 of 1st overtime period - Loui Eriksson wins face-off versus David Backes in Stars zone.
2:02 of 1st overtime period - Icing by Tyler Toffoli.
2:03 of 1st overtime period - Sidney Crosby wins face-off versus Loui Eriksson in RedWings zone.
2:12 of 1st overtime period - Shot by Sidney Crosby.
2:12 of 1st overtime period - Shot Hit the Post.
2:15 of 1st overtime period - Icing by Jake Gardiner.
2:16 of 1st overtime period - Brad Malone wins face-off versus Loui Eriksson in RedWings zone.
2:29 of 1st overtime period - Shot by Jonathan Huberdeau.
2:29 of 1st overtime period - Shot Blocked by Jake Gardiner.
2:49 of 1st overtime period - Shot by Jonathan Huberdeau.
2:49 of 1st overtime period - Goal by Jonathan Huberdeau - Stars : 4 - RedWings : 3.
Goals for this period are 1 for Stars vs 0 for RedWings.
Shots for this period are 2 for Stars vs 1 for RedWings.